 Dungeon Crawl Stone Soup version 0.29.1-13-g9f3cf754e1 (webtiles) character file.

Game seed: 2331580340443516975

1108 Vulpanium the Digger (level 8, -2/53 HPs)
             Began as a Human Earth Elementalist on Jan 21, 2023.
             Was a Follower of Sif Muna.
             Slain by an orc warrior
             ... wielding a +0 mace
              (4 damage)
             ... on level 6 of the Dungeon.
             The game lasted 00:37:04 (7352 turns).

Vulpanium the Digger (Human Earth Elementalist)     Turns: 7352, Time: 00:37:04

Health: -2/53      AC:  3    Str:  9    XL:     8   Next: 59%
Magic:  10/16      EV: 17    Int: 17    God:    Sif Muna [*.....]
Gold:   364        SH:  5    Dex: 14    Spells: 17/18 levels left

rFire   . . .      SeeInvis .   l - staff of earth
rCold   . . .      Faith    .   (no shield)
rNeg    . . .      Spirit   .   a - +0 robe
rPois   .          Reflect  +   (no helmet)
rElec   .          Harm     .   s - scarf {repulsion}
rCorr   .          Rampage  .   k - +0 pair of gloves
Will    +....                   (no boots)
Stlth   ++........              m - amulet of reflection
HPRegen 0.17/turn               e - +4 ring of evasion
MPRegen 0.15/turn               w - ring of willpower

@: about to teleport, repel missiles
A: no striking features
a: Renounce Religion, Channel Magic


You were on level 6 of the Dungeon.
You worshipped Sif Muna.
Sif Muna was aware of your devotion.
You visited 2 branches of the dungeon, and saw 7 of its levels.

You collected 364 gold pieces.

Inventory:

Hand Weapons
 f - a +0 club
 i - a +0 dagger
Missiles
 h - 66 stones
 B - a throwing net
Armour
 a - a +0 robe (worn)
 k - a +0 pair of gloves (worn)
 s - a scarf of repulsion (worn)
Magical Staves
 l - a staff of earth (weapon)
 p - a staff of poison
Jewellery
 e - a +4 ring of evasion (left hand)
 m - an amulet of reflection (around neck)
 w - a ring of willpower (right hand)
Wands
 x - a wand of flame (17)
 A - a wand of polymorph (13)
Scrolls
 d - a scroll of fog
 o - a scroll of teleportation
 u - 2 scrolls of poison {unknown}
 y - a scroll of magic mapping {unknown}
 C - 2 scrolls of immolation {unknown}
 E - a scroll of identify
Potions
 b - a potion of magic
 c - a potion of degeneration
 g - a potion of cancellation {unknown}
 n - a potion of berserk rage {unknown}
 q - a potion of lignification {unknown}
 r - a potion of resistance
 t - 3 potions of brilliance
 v - 2 potions of flight
 z - 2 potions of attraction {unknown}
 D - a potion of ambrosia {unknown}
 F - 2 potions of mutation {unknown}


   Skills:
 + Level 0.8 Fighting
 + Level 0.1 Short Blades
 + Level 3.1 Dodging
 + Level 3.0 Stealth
 + Level 1.3 Shields
 + Level 5.9 Spellcasting
 + Level 1.0 Transmutations
 + Level 6.8 Earth Magic


You had 17 spell levels left.
You knew the following spells:

 Your Spells              Type           Power      Damage    Failure   Level
a - Sandblast             Erth           84%        2d18      1%          1

Your spell library contained the following spells:

 Spells                   Type           Power      Damage    Failure   Level
 Passwall                 Tmut/Erth      22%        N/A       4%          2
 Stone Arrow              Conj/Erth      48%        3d10      10%         3
 Petrify                  Tmut/Erth      27%        N/A       26%         4
 Portal Projectile        Hex/Tloc       10%        N/A       36%         3
 Summon Guardian Golem    Hex/Summ       5%         N/A       36%         3
 Tukima's Dance           Hex            5%         N/A       36%         3
 Blade Hands              Tmut           4%         N/A       94%         5
 Orb of Destruction       Conj           2%         9d5       100%        7
 Spellforged Servitor     Conj/Summ      2%         N/A       100%        7


Dungeon Overview and Level Annotations

Branches:
Dungeon (6/15)             Temple (1/1) D:4

Altars:
Ashenzari
Cheibriados
Dithmenos
Elyvilon
Gozag
Kikubaaqudgha
Makhleb
Okawaru
Qazlal
Ru
Sif Muna
Trog
Uskayaw
Vehumet
Wu Jian
Xom
Yredelemnul
Zin
The Shining One

Shops:
D:2 *   D:4 [


Message History

The orc warrior closely misses you. Something hits you but does no damage.
The orc warrior attacks as you move away!
The orc warrior hits you with a +0 mace.
Something barely misses you.
Casting: Sandblast (safe; 1% risk of failure)
Confirm with . or Enter, or press ? or * to list all spells.
Aiming: Sandblast (safe; 1% risk of failure)
Press: ? - help, Shift-Dir - straight line, f/p - orc warrior
Aim: an orc warrior, wielding a +0 mace and wearing a +0 chain mail (heavily wounded, 83% to hit)
You feel a surge of power!
The blast of sand hits the orc warrior!
The orc warrior is severely wounded.
Something hits you.
Casting: Sandblast (safe; 1% risk of failure)
Confirm with . or Enter, or press ? or * to list all spells.
Aiming: Sandblast (safe; 1% risk of failure)
Press: ? - help, Shift-Dir - straight line, f/p - orc warrior
Aim: an orc warrior, wielding a +0 mace and wearing a +0 chain mail (severely wounded, 83% to hit)
You feel a surge of power!
The blast of sand hits the orc warrior.
The orc warrior is almost dead.
Something hits you. The orc warrior completely misses you.
The orc hits you with a +0 hand axe. The orc warrior misses you.
Something hits you.
* * * LOW HITPOINT WARNING * * *
You feel better. Something hits you. The orc hits you but does no damage.
You block the orc warrior's attack.
Casting: Sandblast (safe; 1% risk of failure)
Confirm with . or Enter, or press ? or * to list all spells.
Aiming: Sandblast (safe; 1% risk of failure)
Press: ? - help, Shift-Dir - straight line, f/p - orc warrior
Aim: an orc warrior, wielding a +0 mace and wearing a +0 chain mail (almost dead, 83% to hit)
You feel a surge of power!
The blast of sand misses the orc warrior.
The orc closely misses you. Something hits you but does no damage.
The orc warrior hits you with a +0 mace!
* * * LOW HITPOINT WARNING * * *
As you read the scroll of teleportation, it crumbles to dust.
You feel strangely unstable. The orc misses you. Something hits you.
* * * LOW HITPOINT WARNING * * *
The orc warrior hits you with a +0 mace.
You die...

##......#....#
#............#
##.....#.......
#...#.........
#...###.......
##............
##.....#...#
##....#..##
#.o@....##
######o{##....#
###..............
#.............###
#..##......#..#
#.........##....
##.....#..# #...
##...†.#..# #..
#.....#...# ..


You could see an orc warrior and an orc.

Vanquished Creatures
  2 water moccasins
  An ice beast (D:3)
  A phantom (D:5)
  3 scorpions
  3 hounds
  3 jellies (D:5)
  A gnoll bouda (D:5)
  2 iguanas (D:5)
  2 orc wizards
  4 gnolls (D:5)
  9 adders
  A shadow imp (D:6)
  An ufetubus (D:5)
  A worm (D:3)
  5 dart slugs
  9 orcs
  12 endoplasms
  4 giant cockroaches
  11 hobgoblins
  6 jackals
  5 kobolds
  3 quokkas
  9 ball pythons
  3 bats
  5 frilled lizards
  4 goblins
  2 rats (D:1)
112 creatures vanquished.

Notes
Turn   | Place    | Note
-------+----------+-------------------------------------------
     0 | D:1      | Vulpanium the Human Earth Elementalist began the quest for
                  | the Orb.
     0 | D:1      | Reached XP level 1. HP: 13/13 MP: 3/3
   424 | D:1      | Reached XP level 2. HP: 14/19 MP: 1/5
   900 | D:1      | Reached XP level 3. HP: 24/24 MP: 4/6
  1875 | D:2      | Reached XP level 4. HP: 30/30 MP: 5/7
  2146 | D:2      | Found Oniwk's General Store.
  2355 | D:2      | Found a faded altar of an unknown god.
  2776 | D:3      | Noticed an ice beast
  2908 | D:3      | Reached skill level 4 in Earth Magic
  2951 | D:3      | Killed an ice beast
  2952 | D:3      | Reached XP level 5. HP: 14/36 MP: 3/10
  3392 | D:3      | Identified a scroll of acquirement
  3392 | D:3      | Acquired a staff of earth
  3563 | D:3      | Reached XP level 6. HP: 42/42 MP: 8/11
  4155 | D:3      | HP: 2/42 [poisoned by an adder]
  4611 | D:4      | Found a staircase to the Ecumenical Temple.
  4617 | Temple   | Entered the Ecumenical Temple
  4877 | Temple   | Became a worshipper of Sif Muna the Loreminder
  5045 | D:4      | Found Botwah Tiwar's Armour Shoppe.
  5303 | D:4      | Noticed a water moccasin
  5306 | D:4      | Killed a water moccasin
  5307 | D:4      | Reached XP level 7. HP: 39/47 MP: 9/13
  5542 | D:4      | Reached skill level 5 in Earth Magic
  5756 | D:5      | Entered Level 5 of the Dungeon
  6009 | D:5      | Found a snail-covered altar of Cheibriados.
  6021 | D:5      | Reached * piety under Sif Muna
  6078 | D:5      | Reached skill level 5 in Spellcasting
  6198 | D:5      | Reached skill level 6 in Earth Magic
  6198 | D:5      | Reached XP level 8. HP: 53/53 MP: 11/15
  6359 | D:5      | Reached skill level 1 in Shields
  7352 | D:6      | HP: 2/53 [something (3)]
  7352 | D:6      | Slain by an orc warrior

Illustrated notes

Levels and vault maps discovered:
D:1:      giann_bridges, layout_basic, amethyst_killhole, hangedman_glass_teeth
D:2:      layout_loops_corners, hellmonk_ecumenical_altar_inner_sanctum,
          serial_shops, shop, hangedman_decor_lopped
D:3:      layout_loops_ring, minmay_pentomino_pile
D:4:      layout_loops_ring, temple_green, serial_shops, nicolae_take_the_stairs
D:5:      layout_cave_pods, mainiacjoe_overflow_six_doors_small
D:6:      layout_cave_pools
Temple:   eino_narrow_crystal_temple

Skill      XL: |  1  2  3  4  5  6  7  8 |
---------------+-------------------------+-----
Earth Magic    | 4 6 |  6.8
Spellcasting   | 3 4 5 |  5.9
Dodging        | 3 |  3.1
Shields        | 1 |  1.3
Stealth        | 3 |  3.0
Fighting       | |  0.8
Short Blades   | |  0.1
Transmutations | |  1.0

Action                   |  1- 3 |  4- 6 |  7- 9 || total
-------------------------+-------+-------+-------++-------
Melee: Unarmed           |    13 |       |       ||    13
       Club              |     9 |       |       ||     9
       Dagger            |    10 |    11 |       ||    21
       Staff             |       |     2 |    12 ||    14
 Cast: Sandblast         |    40 |    76 |    66 ||   182
  Use: Scroll            |     4 |     9 |     1 ||    14
       Potion            |       |     1 |     1 ||     2
 Stab: Sleeping          |     1 |     1 |       ||     2
Armor: Robe              |     4 |     5 |     6 ||    15
Dodge: Dodged            |    39 |    71 |    33 ||   143
       Repelled          |       |       |     1 ||     1
Block: Other             |       |     9 |     7 ||    16
       Reflection        |       |       |     2 ||     2
